Map: Backwater LE

Players

Dreamslush

  • Race: Zerg Zerg
  • League: Platinum
  • Spawn Location: 11:00

Kozzy - Winner!

  • Race: Protoss Protoss
  • League: Gold
  • Spawn Location: 5:00

VOD

Have the link to the VOD?

Description

Time

  • Played on: April 9, 2018, 2:34 p.m.
  • Length: 10:40
Show
View Real Time Build Order
Export as new Build Order

Dreamslush Zerg 

Build Orders: Hatch First 

Get SALT Encoding   

  12  0:08  Drone  
  13  0:23  Drone, Overlord  
  14  0:44  Drone x2  
  14  0:46  Drone  
  17  0:57  Drone  
  18  1:05  Extractor  
  18  1:09  Hatchery  
  16  1:21  Drone x2  
  16  1:24  Spawning Pool  
  17  1:38  Drone x2  
  19  2:07  Drone x2  
  21  2:13  Zergling x2  
  22  2:17  Metabolic Boost  
  22  2:20  Queen  
  22  2:22  Queen  
  24  2:24  Zergling x4  
  28  2:54  Overlord x2  
  28  3:10  Drone  
  28  3:12  Drone, Queen  
  31  3:13  Drone x3  
  33  3:20  Drone  
  34  3:38  Drone  
  34  3:39  Drone  
  36  3:42  Overlord x2  
  36  3:47  Overlord  
  36  4:00  Queen  
  36  4:01  Spore Crawler  
  37  4:03  Spore Crawler  
  37  4:08  Roach Warren  
  35  4:11  Drone x2  
  35  4:12  Drone x5  
  35  4:13  Drone x5  
  46  4:32  Extractor  
  46  4:34  Extractor  
  44  4:42  Drone, Hatchery  
  44  4:43  Drone x2  
  46  4:52  Evolution Chamber  
  45  4:54  Evolution Chamber  
  45  4:57  Spine Crawler  
  43  5:01  Zergling x4  
  43  5:02  Zergling x8  
  49  5:11  Lair  
  49  5:16  Pneumatized Carapace  
  49  5:18  Zerg Missile Weapons Level 1  
  49  5:20  Zerg Ground Armor Level 1  
  49  5:28  Drone x5, Baneling Nest  
  53  5:29  Drone x2  
  51  5:56  Roach x2  
  51  5:57  Roach x6  
  66  6:07  Overlord x2  
  66  6:12  Overlord  
  66  6:25  Queen  
  67  6:31  Zergling x12  
  67  6:32  Zergling x14  
  61  6:41  Roach  
  61  6:46  Roach x2  
  37  7:01  Spine Crawler  
  30  7:02  Spine Crawler, Ravager  
  30  7:03  Roach x3  
  34  7:15  Roach x2  
  38  7:17  Roach  
  40  7:25  Roach  
  40  7:29  Roach  
  37  7:39  Roach  
  37  7:41  Roach  
  37  8:05  Roach x2  
  26  8:08  Zergling x2  
  5  9:44  Drone  
  6  10:19  Drone  
Show
View Real Time Build Order
Export as new Build Order

Kozzy Protoss - Winner!

Build Orders:  

Get SALT Encoding   

  12  0:01  Probe  
  13  0:13  Probe  
  14  0:23  Pylon  
  14  0:26  Probe  
  15  0:41  Probe (Chrono Boost)  
  15  0:42  Gateway  
  16  0:49  Assimilator  
  16  0:53  Probe (Chrono Boost)  
  17  0:58  Probe (Chrono Boost)  
  18  1:08  Probe  
  19  1:20  Probe (Chrono Boost)  
  19  1:25  Assimilator  
  20  1:29  Probe (Chrono Boost)  
  21  1:36  Cybernetics Core  
  21  1:40  Gateway  
  21  1:44  Pylon  
  21  1:46  Zealot  
  23  2:02  Probe  
  24  2:10  Stalker (Chrono Boost)  
  24  2:14  Probe  
  27  2:23  Shield Battery  
  27  2:37  Robotics Facility  
  27  2:40  Warp Gate  
  27  2:43  Pylon  
  27  2:54  Stalker  
  29  3:08  Pylon  
  29  3:20  Twilight Council  
  29  3:27  Gateway  
  29  3:32  Immortal  
  33  3:41  Forge  
  33  3:49  Pylon  
  33  3:56  Charge (Chrono Boost)  
  33  4:12  Immortal, Protoss Ground Weapons Level 1 (Chrono Boost)  
  37  4:39  Photon Cannon  
  37  4:47  Pylon  
  37  4:52  Immortal  
  41  5:00  Zealot  
  41  5:06  Zealot  
  45  5:12  Zealot  
  47  5:21  Zealot  
  49  5:34  Stalker  
  51  5:36  Stalker  
  53  6:02  Immortal  
  57  6:05  Photon Cannon  
  47  7:06  Immortal  
  51  7:10  Zealot x3  
  51  7:12  Nexus  
  57  7:28  Pylon  
  57  7:45  Immortal  
  37  8:33  Probe  
  36  8:38  Immortal (Chrono Boost), Stalker  
  36  8:39  Stalker x2  
  46  8:45  Probe  
  43  8:50  Probe  
  44  8:56  Gateway  
  44  8:57  Probe  
  44  9:00  Pylon  
  44  9:02  Probe, Zealot  
  48  9:13  Zealot x2  
  52  9:24  Zealot  
  54  9:28  Immortal  
  58  9:44  Probe  
  58  9:45  Probe  
  60  9:47  Assimilator  
  60  9:59  Zealot x2  
  64  10:00  Zealot x2  
  66  10:33  Zealot  
  66  10:34  Zealot x3  
Tags
 
Add a new tag
Caveats
  • Supply blocks, unpowered buildings, or Contaminate may cause inaccurate times.
  • Supply counts are checked every 10 seconds.